 Dungeon Crawl Stone Soup version 0.30-a0-857-gcaf70739d4 (webtiles) character file.

Game seed: 16710147937967678304

13467 Maxmaps the Thrower (level 12, 0/97 HPs)
             Began as a Gnoll Monk on Mar 5, 2023.
             Was an Elder of Cheibriados.
             Slain by a komodo dragon (11 damage)
             ... on level 1 of the Lair of Beasts.
             The game lasted 00:13:03 (12028 turns).

Maxmaps the Thrower (Gnoll Monk)                   Turns: 12028, Time: 00:13:04

Health: 0/97       AC: 14    Str: 22    XL:     12   Next: 6%
Magic:  11/22      EV: 13    Int: 24    God:    Cheibriados [****..]
Gold:   672        SH: 14    Dex: 24    Spells: 25/25 levels left

rFire   . . .      SeeInvis .    J - +8 trident of the Octopus King {venom, rElec rPois}
rCold   + . .      Faith    .    r - +2 kite shield
rNeg    + . .      Spirit   .    l - +1 chain mail
rPois   +          Reflect  .    f - +0 helmet
rElec   +          Rampage  .    i - +0 cloak
rCorr   .                        (no gloves)
Will    .....                    (no boots)
Stlth   +                        (no amulet)
HPRegen 0.36/turn                A - ring of positive energy
MPRegen 0.18/turn                z - ring of protection from cold

@: studying Throwing, very slow
A: fangs 1, strong nose, distributed training
a: Renounce Religion, Bend Time, Temporal Distortion, Slouch


You were on level 1 of the Lair of Beasts.
You worshipped Cheibriados.
Cheibriados was greatly pleased with you.
You visited 2 branches of the dungeon, and saw 12 of its levels.

You collected 792 gold pieces.
You spent 120 gold pieces at shops.

Inventory:

Hand Weapons
 c - a +4 long sword of protection
 d - a +0 morningstar of freezing
 C - a +1 dagger of venom
 J - the +8 trident of the Octopus King (weapon) {venom, rElec rPois}
   (You found it on level 11 of the Dungeon)

   rElec:     It insulates you from electricity.
   rPois:     It protects you from poison.
Missiles
 m - a throwing net (quivered)
Armour
 f - a +0 helmet (worn)
 i - a +0 cloak (worn)
 l - a +1 chain mail (worn)
 r - a +2 kite shield (worn)
Jewellery
 k - a +5 ring of evasion
 z - a ring of protection from cold (right hand)
 A - a ring of positive energy (left hand)
 E - a +6 ring of dexterity
Wands
 a - a wand of flame (14)
 n - a wand of charming (6)
 G - a wand of iceblast (6)
Scrolls
 g - 4 scrolls of teleportation
 s - a scroll of fear
 w - 5 scrolls of fog
 x - 4 scrolls of identify
 y - 2 scrolls of torment
 B - a scroll of amnesia
 H - a scroll of enchant armour
 I - a scroll of enchant weapon {unknown}
Potions
 b - a potion of berserk rage
 e - 2 potions of flight
 h - 5 potions of degeneration
 j - 4 potions of brilliance
 o - a potion of lignification {unknown}
 p - 3 potions of invisibility
 q - 2 potions of resistance
 u - 4 potions of attraction
 v - a potion of haste
 D - a potion of cancellation {unknown}
 F - 3 potions of mutation
Miscellaneous
 t - a phantom mirror


   Skills:
 + Level 9.8 Fighting
 + Level 7.1 Short Blades
 + Level 9.8 Long Blades
 + Level 7.1 Axes
 + Level 7.1 Maces & Flails
 + Level 7.1 Polearms
 + Level 7.1 Staves
 + Level 7.1 Ranged Weapons
 + Level 9.8 Throwing
 + Level 7.1 Armour
 + Level 9.8 Dodging
 + Level 8.4 Stealth
 + Level 7.1 Shields
 + Level 7.1 Unarmed Combat
 + Level 7.1 Spellcasting
 + Level 5.9 Conjurations
 + Level 5.9 Hexes
 + Level 5.9 Summonings
 + Level 5.9 Necromancy
 + Level 5.9 Translocations
 + Level 5.9 Transmutations
 + Level 5.9 Fire Magic
 + Level 5.9 Ice Magic
 + Level 5.9 Air Magic
 + Level 5.9 Earth Magic
 + Level 5.9 Poison Magic
 + Level 7.8 Invocations
 + Level 7.1 Evocations


You had 25 spell levels left.
You didn't know any spells.
Your spell library contained the following spells:

 Spells                   Type           Power      Damage    Failure   Level
 Beastly Appendage        Tmut           74%        N/A       11%         1
 Sandblast                Erth           74%        2d16      11%         1
 Shock                    Conj/Air       100%       1d9       11%         1
 Passwall                 Tmut/Erth      30%        N/A       17%         2
 Wereblood                Tmut           37%        N/A       17%         2
 Spider Form              Tmut/Pois      37%        N/A       32%         3
 Stone Arrow              Conj/Erth      74%        3d11      32%         3
 Swiftness                Air            37%        N/A       32%         3
 Airstrike                Air            18%        2d(3-19)  73%         4


Dungeon Overview and Level Annotations

Branches:
Dungeon (11/15)            Temple (0/1) D:6            Lair (1/5) D:8
    Orc (0/2) D:11

Altars:
Cheibriados
Fedhas
Gozag
Trog
Vehumet
Xom
Zin

Shops:
D:4 !(   D:6 =?   D:7 !   D:11 (

Annotations:
D:11 Snorg


Innate Abilities, Weirdness & Mutations

You have very sharp teeth.
Your uncanny sense of smell can sniff out nearby items.
Your experience applies equally to all skills.


Message History

You are too injured to fight recklessly!
Activating: Slouch (6% risk of failure)
Press: ? - help, Dir - look around, f - activate You can feel time thicken for a moment.
You kill the river rat!
Cheibriados appreciates the change of pace.
You kill the bullfrog!
Cheibriados appreciates the change of pace.
You kill the water moccasin!
Cheibriados thoroughly appreciates the change of pace.
You kill the komodo dragon!
Cheibriados appreciates the change of pace.
Cheibriados lowers the support of your attributes as your movement quickens.
The komodo dragon bites you but does no damage.
You have reached level 12!
You feel clever.
Unknown command.
Activating: Slouch (7% risk of failure)
Press: ? - help, Dir - look around, f - activate You fail to use your ability.
The komodo dragon closely misses you. The komodo dragon bites you!
* * * LOW HITPOINT WARNING * * *
Unknown command.
You puncture the komodo dragon!
The komodo dragon is poisoned.
You bite the komodo dragon, but do no damage.
The komodo dragon is severely wounded.
You block the komodo dragon's attack. The komodo dragon misses you.
Activating: Slouch (7% risk of failure)
Press: ? - help, Dir - look around, f - activate You can feel time thicken for a moment.
You kill the komodo dragon!
Cheibriados appreciates the change of pace.
You can no longer step out of the flow of time.
Cheibriados lowers the support of your attributes as your movement quickens.
You block the komodo dragon's attack.
You hit the komodo dragon but do no damage.
The komodo dragon is poisoned.
The komodo dragon is almost dead.
You block the komodo dragon's attack. The komodo dragon bites you!
You die...

~~..~~...# ~.~P.≈~..#
...)~~...## ####
...~P~P..P #....
...~~....###.....
...~.............
.......l†........
.....††@.....((.....
......##.....(P(...#
..... ##....P(...P#
...######.........##
..P#...............#
.
.................####
....................
...............(....
................##.#


You could see a komodo dragon (very poisoned).

Vanquished Creatures
  The ghost of zenocrate the Changer, a novice OpTm of Elyvilon (D:6)
  A harpy (shapeshifter) (D:11)
  2 cyclopes (D:11)
  Maurice (D:11)
  A gargoyle (D:11)
  Joseph (D:9)
  2 kobold demonologists (D:9)
  3 komodo dragons (Lair:1)
  A hornet (D:11)
  3 trolls
  Grinder (D:6)
  A blink frog (Lair:1)
  A spriggan (D:9)
  Sigmund (D:6)
  18 yaks
  A basilisk (D:11)
  2 steam dragons (D:6)
  3 water moccasins
  2 sky beasts
  7 orc warriors
  An ice beast (D:7)
  An ogre (D:7)
  4 centaurs
  2 phantoms
  3 bullfrogs
  Blork the orc (D:6)
  2 kobold brigands
  5 scorpions
  A gnoll sergeant (D:7)
  9 wights (D:7)
  17 killer bees
  2 howler monkeys
  2 jellies
  7 hounds
  10 orc priests
  A gnoll bouda (D:4)
  Jessica (D:2)
  7 iguanas
  Terence (D:2)
  A sleepcap (D:7)
  11 orc wizards
  5 gnolls
  7 adders
  A river rat (Lair:1)
  A shadow imp (D:7)
  12 white imps (D:11)
  2 ufetubi
  A worm (D:2)
  2 dart slugs
  35 orcs
  9 ball pythons
  3 bats
  5 endoplasms
  2 giant cockroaches
  9 goblins
  9 hobgoblins
  3 quokkas
  A frilled lizard (D:2)
  18 kobolds
  2 orc zombies (D:5)
  8 rats
  A rat zombie (D:5)
278 creatures vanquished.

Vanquished Creatures (others)
  2 orcs (D:7)
  3 fungi (D:8)
  8 plants
13 creatures vanquished.

Grand Total: 291 creatures vanquished

Notes
Turn   | Place    | Note
-------+----------+-------------------------------------------
     0 | D:1      | Maxmaps the Gnoll Monk began the quest for the Orb.
     0 | D:1      | Reached XP level 1. HP: 23/23 MP: 1/1
   215 | D:1      | Reached XP level 2. HP: 29/29 MP: 2/2
   563 | D:1      | Reached XP level 3. HP: 35/35 MP: 3/3
   961 | D:2      | Noticed Terence
   969 | D:2      | Reached skill level 1 in Invocations
   996 | D:2      | Killed Terence
   997 | D:2      | Reached skill level 1 in Short Blades
   997 | D:2      | Reached skill level 1 in Axes
   997 | D:2      | Reached skill level 1 in Maces & Flails
   997 | D:2      | Reached skill level 1 in Polearms
   997 | D:2      | Reached skill level 1 in Staves
   997 | D:2      | Reached skill level 1 in Ranged Weapons
   997 | D:2      | Reached skill level 1 in Throwing
   997 | D:2      | Reached skill level 1 in Armour
   997 | D:2      | Reached skill level 1 in Shields
   997 | D:2      | Reached skill level 1 in Unarmed Combat
   997 | D:2      | Reached skill level 1 in Spellcasting
   997 | D:2      | Reached skill level 1 in Evocations
   997 | D:2      | Reached XP level 4. HP: 8/41 MP: 5/5
  1372 | D:2      | Reached skill level 1 in Conjurations
  1372 | D:2      | Reached skill level 1 in Hexes
  1372 | D:2      | Reached skill level 1 in Summonings
  1372 | D:2      | Reached skill level 1 in Necromancy
  1372 | D:2      | Reached skill level 1 in Translocations
  1372 | D:2      | Reached skill level 1 in Transmutations
  1372 | D:2      | Reached skill level 1 in Fire Magic
  1372 | D:2      | Reached skill level 1 in Ice Magic
  1372 | D:2      | Reached skill level 1 in Air Magic
  1372 | D:2      | Reached skill level 1 in Earth Magic
  1372 | D:2      | Reached skill level 1 in Poison Magic
  1379 | D:2      | Identified the +4 quarterstaff "Dragonbane" {chaos, rElec
                  | rPois rF+}
  1441 | D:2      | Found a faded altar of an unknown god.
  1539 | D:2      | Noticed Jessica
  1548 | D:2      | Killed Jessica
  1612 | D:3      | Reached XP level 5. HP: 47/47 MP: 7/7
  2276 | D:3      | Found a glowing silver altar of Zin.
  2276 | D:3      | Noticed an angel
  2551 | D:4      | Found Tetzyitu's Antique Weapon Shoppe.
  2657 | D:4      | Found Beogosix's Distillery.
  2660 | D:4      | Bought a potion of heal wounds for 60 gold pieces
  2758 | D:4      | Found a blossoming altar of Fedhas.
  2991 | D:4      | Found a snail-covered altar of Cheibriados.
  3153 | D:4      | Became a worshipper of Cheibriados the Contemplative
  3153 | D:4      | Reached * piety under Cheibriados
  3153 | D:4      | Reached ** piety under Cheibriados
  3183 | D:5      | Entered Level 5 of the Dungeon
  3183 | D:5      | Noticed a yak
  3185 | D:5      | Noticed a phantom
  3197 | D:4      | Reached XP level 6. HP: 36/53 MP: 8/8
  3338 | D:5      | Killed a yak
  3339 | D:5      | Reached XP level 7. HP: 12/60 MP: 10/10
  3378 | D:5      | Reached skill level 5 in Stealth
  3613 | D:5      | Reached XP level 8. HP: 55/67 MP: 12/12
  3920 | D:5      | Reached *** piety under Cheibriados
  4175 | D:6      | Found a staircase to the Ecumenical Temple.
  4232 | D:6      | Found a runed translucent door.
  4233 | D:6      | Noticed Blork the orc
  4248 | D:6      | Killed Blork the orc
  4470 | D:6      | Noticed Sigmund
  4479 | D:6      | Killed Sigmund
  4480 | D:6      | Reached skill level 5 in Throwing
  4480 | D:6      | Reached XP level 9. HP: 53/74 MP: 13/15
  4565 | D:6      | Found Dufiabor's Jewellery Boutique.
  4799 | D:6      | Found an opulent altar of Gozag.
  5079 | D:6      | Found Yhirhyro's Magic Scroll Shoppe.
  5134 | D:6      | Noticed Grinder
  5145 | D:6      | Killed Grinder
  5194 | D:6      | Reached **** piety under Cheibriados
  5483 | D:6      | Noticed zenocrate's ghost (novice OpTm)
  5500 | D:6      | Killed zenocrate's ghost
  5501 | D:6      | Reached skill level 5 in Invocations
  5565 | D:6      | HP: 2/74 [something (3)]
  5856 | D:7      | Identified the +0 robe of Qazlal's Whim {rPois rN++ Int+3}
  5894 | D:7      | Found a radiant altar of Vehumet.
  5900 | D:7      | Found Gynt's Distillery.
  6016 | D:7      | Bought a potion of berserk rage for 60 gold pieces
  6074 | D:7      | Reached skill level 5 in Short Blades
  6074 | D:7      | Reached skill level 5 in Axes
  6074 | D:7      | Reached skill level 5 in Maces & Flails
  6074 | D:7      | Reached skill level 5 in Polearms
  6074 | D:7      | Reached skill level 5 in Staves
  6074 | D:7      | Reached skill level 5 in Ranged Weapons
  6074 | D:7      | Reached skill level 5 in Armour
  6074 | D:7      | Reached skill level 5 in Shields
  6074 | D:7      | Reached skill level 5 in Unarmed Combat
  6074 | D:7      | Reached skill level 5 in Spellcasting
  6074 | D:7      | Reached skill level 5 in Evocations
  6074 | D:7      | Reached XP level 10. HP: 77/81 MP: 17/17
  6156 | D:7      | Reached ***** piety under Cheibriados
  6163 | D:7      | HP: 4/82 [poisoned by a killer bee]
  6168 | D:7      | HP: 3/82 [poisoned by a killer bee]
  6425 | D:7      | Found a shimmering altar of Xom.
  6532 | D:7      | Found a bloodstained altar of Trog.
  7060 | D:8      | Found a staircase to the Lair.
  8068 | D:9      | Noticed a kobold demonologist
  8069 | D:9      | Noticed a kobold demonologist
  8071 | D:9      | Noticed a sixfirhy
  8658 | D:9      | Noticed Joseph
  8672 | D:9      | Killed Joseph
  8673 | D:9      | Reached skill level 5 in Conjurations
  8673 | D:9      | Reached skill level 5 in Hexes
  8673 | D:9      | Reached skill level 5 in Summonings
  8673 | D:9      | Reached skill level 5 in Necromancy
  8673 | D:9      | Reached skill level 5 in Translocations
  8673 | D:9      | Reached skill level 5 in Transmutations
  8673 | D:9      | Reached skill level 5 in Fire Magic
  8673 | D:9      | Reached skill level 5 in Ice Magic
  8673 | D:9      | Reached skill level 5 in Air Magic
  8673 | D:9      | Reached skill level 5 in Earth Magic
  8673 | D:9      | Reached skill level 5 in Poison Magic
  8673 | D:9      | Reached XP level 11. HP: 81/89 MP: 18/20
  9299 | D:10     | Entered Level 10 of the Dungeon
 10689 | D:11     | a shapeshifter changed into a harpy
 10689 | D:11     | Noticed a harpy (shapeshifter)
 10698 | D:11     | Killed a harpy
 10876 | D:11     | Noticed Maurice
 10886 | D:11     | Killed Maurice
 10937 | D:11     | Noticed a cyclops
 10945 | D:11     | Killed a cyclops
 10987 | D:11     | Found Befuship's Weapon Shoppe.
 11080 | D:11     | Noticed a cyclops
 11094 | D:11     | Killed a cyclops
 11207 | D:11     | Found the +8 trident of the Octopus King {venom, rElec
                  | rPois}
 11259 | D:11     | Noticed Snorg
 11579 | D:11     | Found a staircase to the Orcish Mines.
 11792 | Lair:1   | Entered Level 1 of the Lair of Beasts
 12025 | Lair:1   | Reached XP level 12. HP: 26/97 MP: 16/22
 12028 | Lair:1   | Slain by a komodo dragon

Illustrated notes

Levels and vault maps discovered:
D:1:      dpeg_arrival_windows_large_door, layout_basic
D:2:      layout_rooms, chequers_ecumenical_altar_twisty, minmay_cupped,
          uniq_jessica, uniq_terence
D:3:      layout_basic, zin_angel
D:4:      layout_loops_cross, lemuel_crystal_altar,
          mainiacjoe_overflow_concentric_impassable, serial_shops,
          shop_fountains, nicolae_shop_behind_doors
D:5:      layout_rooms, enter_ossuary_3, minmay_manual_mess
D:6:      layout_gridville, mainiacjoe_overflow_boulevard,
          minmay_temple_entry_from_below_b, serial_shops, shop, shop,
          ebering_ghost_sewer_d, kennysheep_potato, uniq_grinder, uniq_sigmund,
          uniq_blork_the_orc
D:7:      layout_rooms, mainiacjoe_overflow_alcove_2, xom_confusion_cloud,
          bloody_trog, serial_shops, shop, minivault_19
D:8:      layout_gridville, dpeg_oklobed_lair
D:9:      minmay_goldmine, layout_grid_maze, the_hattery, uniq_joseph
D:10:     layout_gridville
D:11:     layout_loops_ring, orc_0_dummy, portal_ice_cave_entry_imps,
          serial_shops, nicolae_shop_bloodbath_and_beyond,
          lightli_fourway_metalbox, uniq_snorg, uniq_maurice
Lair:1:   minmay_guarded_unrand_snakebite, layout_gridlike, pond,
          lemuel_fruit_tree

Skill      XL: |  1  2  3  4  5  6  7  8  9 10 11 |
---------------+----------------------------------+-----
Invocations    | 1 2 3 4 5 6 7 |  7.8
Short Blades   | 1 2 3 4 5 6 7 |  7.1
Axes           | 1 2 3 4 5 6 7 |  7.1
Maces & Flails | 1 2 3 4 5 6 7 |  7.1
Polearms       | 1 2 3 4 5 6 7 |  7.1
Staves         | 1 2 3 4 5 6 7 |  7.1
Ranged Weapons | 1 2 3 4 5 6 7 |  7.1
Throwing       | 1 2 3 5 6 8 9 |  9.8
Armour         | 1 2 3 4 5 6 7 |  7.1
Shields        | 1 2 3 4 5 6 7 |  7.1
Unarmed Combat | 1 2 3 4 5 6 7 |  7.1
Spellcasting   | 1 2 3 4 5 6 7 |  7.1
Evocations     | 1 2 3 4 5 6 7 |  7.1
Conjurations   | 1 2 3 4 5 |  5.9
Hexes          | 1 2 3 4 5 |  5.9
Summonings     | 1 2 3 4 5 |  5.9
Necromancy     | 1 2 3 4 5 |  5.9
Translocations | 1 2 3 4 5 |  5.9
Transmutations | 1 2 3 4 5 |  5.9
Fire Magic     | 1 2 3 4 5 |  5.9
Ice Magic      | 1 2 3 4 5 |  5.9
Air Magic      | 1 2 3 4 5 |  5.9
Earth Magic    | 1 2 3 4 5 |  5.9
Poison Magic   | 1 2 3 4 5 |  5.9
Fighting       | 7 8 9 |  9.8
Long Blades    | 7 8 9 |  9.8
Dodging        | 7 8 9 |  9.8
Stealth        | 5 6 7 8 |  8.4

Action                     |  1- 3 |  4- 6 |  7- 9 | 10-12 || total
---------------------------+-------+-------+-------+-------++-------
  Melee: Falchion          |   100 |       |       |       ||   100
         Bite              |     5 |    16 |    37 |    76 ||   134
         Punch             |     1 |     5 |    23 |     2 ||    31
         Morningstar       |       |    18 |    59 |       ||    77
         Quarterstaff      |       |    41 |       |       ||    41
         Dagger            |       |    91 |   291 |       ||   382
         Long sword        |       |       |     3 |   458 ||   461
         Trident           |       |       |       |    54 ||    54
 Invoke: Slouch            |       |       |       |     7 ||     7
    Use: Potion            |     1 |       |     6 |       ||     7
         Scroll            |       |    15 |     4 |     7 ||    26
   Stab: Sleeping          |     4 |       |       |     1 ||     5
 Armour: Chain mail        |    21 |    56 |   147 |   210 ||   434
         Robe              |     4 |       |       |       ||     4
  Dodge: Dodged            |    49 |   102 |   316 |   381 ||   848
  Block: Kite shield       |       |       |       |   409 ||   409

Table legend: (Time is in decaauts)
 A = Elapsed time spent in this place.
 B = Non-inter-level travel time spent in this place.
 C = Inter-level travel time spent in this place.
 D = Time resting spent in this place.
 E = Time spent auto-exploring this place.
 F = Levels seen in this place.
 G = Mean time per level.
                   A        B        C        D        E       F      G
               +--------+--------+--------+--------+--------+-----+--------+
         Total |  15480 |  14880 |    600 |   2537 |   9797 |  12 | 1290.0 |
       Dungeon |  15214 |  14615 |    599 |   2394 |   9753 |  11 | 1383.1 |
          Lair |    265 |    265 |      0 |    143 |     43 |   1 |  265.0 |
               +--------+--------+--------+--------+--------+-----+--------+

Top non-repeatable levels by time:
     D:6: 2183 daAuts
     D:9: 2085 daAuts
     D:8: 1899 daAuts
    D:11: 1797 daAuts
    D:10: 1760 daAuts
     D:7: 1213 daAuts
     D:5: 994 daAuts
     D:3: 956 daAuts
     D:1: 868 daAuts
     D:4: 739 daAuts
     D:2: 714 daAuts
  Lair:1: 265 daAuts
